 Dungeon Crawl Stone Soup version 0.28.0-45-g0d030f2227 (webtiles) character file.

Game seed: 853907994526111890

19 Icepheonix32 the Skirmisher (level 2, 0/24 HPs)
             Began as a Demonspawn Fighter on Apr 7, 2022.
             Frozen to death by an endoplasm (3 damage)
             ... on level 2 of the Dungeon.
             The game lasted 00:00:40 (703 turns).

Icepheonix32 the Skirmisher (Demonspawn Fighter)     Turns: 703, Time: 00:00:40

Health: 0/24       AC:  6    Str: 16    XL:     2   Next: 55%
Magic:  2/2        EV:  8    Int:  9    God:
Gold:   95         SH:  4    Dex: 12    Spells: 1/1 levels left

rFire   . . .      SeeInvis .   a - +0 long sword
rCold   . . .      Faith    .   c - +0 buckler
rNeg    . . .      Spirit   .   b - +0 scale mail
rPois   .          Reflect  .   (no helmet)
rElec   .          Harm     .   (no cloak)
rCorr   .          Rampage  .   (no gloves)
Will    .....                   (no boots)
Stlth   ..........              (no amulet)
HPRegen 0.08/turn               (no ring)
MPRegen 0.08/turn               (no ring)

@: lethally poisoned (0 -> -7)
A: spiny 1
a: no special abilities


You were on level 2 of the Dungeon.
You visited 1 branch of the dungeon, and saw 2 of its levels.

You collected 95 gold pieces.

Inventory:

Hand Weapons
 a - a +0 long sword (weapon)
Armour
 b - a +0 scale mail (worn)
 c - a +0 buckler (worn)
Scrolls
 e - a scroll of brand weapon {unknown}
 f - 3 scrolls of blinking {unknown}
Potions
 d - a potion of might


   Skills:
 + Level 3.2 Fighting
 * Level 2.0 Long Blades
 + Level 2.9 Armour
 + Level 3.0 Shields


You had one spell level left.
You didn't know any spells.
Your spell library was empty.

Dungeon Overview and Level Annotations

Branches:
Dungeon (2/15)

Altars:


Innate Abilities, Weirdness & Mutations

You are partially covered in sharp spines.


Message History

You hit the adder.
The adder is moderately wounded.
The endoplasm freezes you.
You are frozen.
The adder bites you. The endoplasm freezes you.
You are frozen.
You closely miss the adder.
The adder is moderately wounded.
The adder is struck by your spines. The adder bites you.
You are poisoned.
The adder poisons you! You block the adder's attack.
The endoplasm hits you but does no damage.
You hit the adder but do no damage.
The adder is heavily wounded.
You feel sick. The adder barely misses you. The endoplasm freezes you.
You are frozen.
The adder bites you.
You are too injured to fight recklessly!
You are too injured to fight recklessly!
You are too injured to fight recklessly!
You are too injured to fight recklessly!
You are too injured to fight recklessly!
You are too injured to fight recklessly!
You are too injured to fight recklessly!
You are too injured to fight recklessly!
There are monsters nearby!
Unknown command.
You hit the endoplasm.
The endoplasm is heavily wounded.
You feel sick.
The endoplasm hits you but does no damage.
The adder is struck by your spines. The adder bites you.
* * * LOW HITPOINT WARNING * * *
The adder is struck by your spines. The adder bites you.
* * * LOW HITPOINT WARNING * * *
You are lethally poisoned!
The adder poisons you! The endoplasm freezes you.
You are frozen.
You die...

.... ... ..
#. # ...
..# #.# #.
..
####.###.#
##$##.# #
#.##..#(.
.....#.###.
...#.#.#>##
#.#JS......
...†......#
#.#@##.#
#.#..###..#
##......#
#.........#
#.......#
###<...##.#
#.##.##.#
###..#.# .#
#. #..#.#
.....#.##.#
# ##.#.#
###.......#
#.###.#.# #
##.....##
#.......# #
#.....#
######.###


You could see an adder and an endoplasm.

Vanquished Creatures
  3 endoplasms (D:1)
  2 giant cockroaches (D:2)
  A goblin (D:1)
  A hobgoblin (D:1)
  3 kobolds
  A quokka (D:2)
  A ball python (D:1)
  2 bats (D:1)
  2 frilled lizards
  2 rats
18 creatures vanquished.

Notes
Turn   | Place    | Note
-------+----------+-------------------------------------------
     0 | D:1      | Icepheonix32 the Demonspawn Fighter began the quest for the
                  | Orb.
     0 | D:1      | Reached XP level 1. HP: 18/18 MP: 1/1
   368 | D:1      | Gained mutation: You are partially covered in sharp spines.
                  | [demonic ancestry]
   368 | D:1      | Reached XP level 2. HP: 24/24 MP: 2/2
   703 | D:2      | Frozen to death by an endoplasm

Illustrated notes

Levels and vault maps discovered:
D:1:      amcnicky_arrival_flooded_fountain, layout_rooms, dk_noncrumbling_4
D:2:      layout_loops_cross, basic_altar, kennysheep_generic_room_11

Skill      XL: |  1  2 |
---------------+-------+-----
Shields        | 3 |  3.0
Long Blades    | 2 |  2.0
Fighting       | |  3.2
Armour         | |  2.9

Action                   || total
-------------------------++-------
Melee: Long sword        ||    35
Armor: Scale mail        ||    17
Dodge: Dodged            ||    14
Block: Buckler           ||    10
